 Dungeon Crawl Stone Soup version 0.22-a0-298-g92d99f377c (webtiles) character file.

14283 Manul the Unseen (level 12, 0/81 HPs)
             Began as an Octopode Assassin on Mar 25, 2018.
             Was an Initiate of Gozag.
             Slain by a six-headed hydra (9 damage)
             ... on level 11 of the Dungeon.
             The game lasted 00:16:17 (14099 turns).

Manul the Unseen (Octopode Assassin)               Turns: 14099, Time: 00:16:18

Health: 0/81       AC:  9    Str: 11    XL:     12   Next: 14%
Magic:  13/13      EV: 19    Int: 17    God:    Gozag
Gold:   860        SH:  6    Dex: 18    Spells: 11/11 levels left

rFire    . . .     SeeInvis +   M - +2 demon whip (drain)
rCold    + . .     Gourm    .   r - +0 buckler
rNeg     . . .     Faith    .   A - +2 hat
rPois    .         Spirit   .   I - amulet of regeneration
rElec    .         Reflect  .   l - ring "Wupal" {rC+ Stlth+}
rCorr    .         Harm     .   j - ring of see invisible
MR       .....                  D - +4 ring of intelligence
Stlth    ++++++++..             P - +6 ring of protection
HPRegen  0.63/turn              (no ring)
MPRegen  0.13/turn              (no ring)
                                (no ring)
                                (no ring)

@: about to teleport
A: almost no armour, stealthy swim, amphibious, 8 rings, constrict 8, camouflage
1, gelatinous body 1
a: Potion Petition, Call Merchant, Bribe Branch, Renounce Religion


You were on level 11 of the Dungeon.
You worshipped Gozag.
Gozag was pleased with you.
You were not hungry.

You visited 2 branches of the dungeon, and saw 12 of its levels.

You collected 2182 gold pieces.
You spent 1170 gold pieces at shops.
You paid 152 gold pieces to Gozag.

Inventory:

Hand Weapons
 a - a +3 dagger
 b - a +0 blowgun
 m - a +2 dagger of draining
 o - a +0 rapier
 C - a +1 morningstar of freezing
 F - a +2 long sword of holy wrath
 M - a +2 demon whip of draining (weapon)
 O - a +1 rapier of speed
Missiles
 c - 67 poisoned needles
 d - 2 curare-tipped needles
 k - 6 poisoned javelins (quivered)
Armour
 r - a +0 buckler (worn)
 A - a +2 hat (worn)
Jewellery
 j - a ring of see invisible (right tentacle)
 l - the ring "Wupal" (left tentacle) {rC+ Stlth+}
   (You found it on level 4 of the Dungeon)

   [ring of stealth]

   It protects you from cold.
   It makes you more stealthy.
 D - a +4 ring of intelligence (on tentacle)
 I - an amulet of regeneration (around mantle)
 P - a +6 ring of protection (on tentacle)
Wands
 u - a wand of scattershot (8)
 v - a wand of iceblast (18)
 y - a wand of paralysis (13)
Scrolls
 g - a scroll of summoning {unknown}
 n - a scroll of silence {unknown}
 p - 8 scrolls of remove curse
 t - a scroll of amnesia
 w - a scroll of teleportation
 B - 5 scrolls of enchant armour
 E - 7 scrolls of identify
 H - 2 scrolls of magic mapping
 L - a scroll of vulnerability
Potions
 e - a potion of heal wounds {unknown}
 h - 2 potions of resistance {unknown}
 i - 2 potions of invisibility {unknown}
 q - 2 potions of curing
 s - a potion of lignification
 x - 4 potions of flight {unknown}
 z - a potion of agility
 G - 2 potions of berserk rage {unknown}
 J - 2 potions of haste {unknown}
 K - a potion of might {unknown}
 N - 2 potions of degeneration {unknown}
Comestibles
 f - 19 rations


   Skills:
 + Level 7.5 Fighting
 + Level 8.7 Short Blades
 - Level 3.1 Maces & Flails
 - Level 2.2 Throwing
 + Level 7.6 Dodging
 + Level 15.6 Stealth
 - Level 7.3 Shields
 + Level 2.6 Evocations


You had 11 spell levels left.
You didn't know any spells.

Dungeon Overview and Level Annotations

Branches:
Dungeon (11/15)            Temple (1/1) D:7            Lair (0/6) D:10
    Orc (0/2) D:10

Altars:
Ashenzari
Cheibriados
Dithmenos
Elyvilon
Fedhas
Gozag
Hepliaklqana
Kikubaaqudgha
Makhleb
Nemelex Xobeh
Okawaru
Qazlal
Ru
Sif Muna
Trog
Uskayaw
Vehumet
Wu Jian
Xom
Yredelemnul
Zin
The Shining One

Shops:
D:6 [?==   D:7 ?=**

Annotations:
D:4 Natasha
D:7 stburah's ghost, novice FoFi
D:10 Execuda's ghost, journeyman MiMo


Innate Abilities, Weirdness & Mutations

You cannot wear most types of armour.
You are very stealthy in the water. (Stealth+)
You are amphibious.
You can wear up to eight rings at the same time.
You can use your tentacles to constrict eight enemies at once.
Your skin changes colour to match your surroundings (Stealth+).
Your rubbery body absorbs attacks. (AC +1, EV +1)


Message History

The six-headed hydra bites you!
* * * LOW HITPOINT WARNING * * *
Okay, then.
Evoke which item? (* to show all) (? for menu, Esc to quit)
Aiming: Paralyse
Press: ? - help, Shift-Dir - straight line, f - six-headed hydra
Aim: a six-headed hydra (moderately wounded, lightly drained, chance to defeat MR: 24%)
Okay, then.
Okay, then.
Okay, then.
As you read the scroll of teleportation, it crumbles to dust.
You feel strangely unstable. The six-headed hydra misses you.
The six-headed hydra bites you!
* * * LOW HITPOINT WARNING * * *
You block the six-headed hydra's attack.
The six-headed hydra bites you but does no damage.
You block the six-headed hydra's attack.
The six-headed hydra bites you!
You die...
Your body crumbles into a pile of gold.

##### ######## #.... #......#
######## #.... #......#
#......# #.... #......###
#......#####....
#......'.#######......'..##....
#......#.......#......##..#....
#......#######@#......###.#<...
#......# #D#......# #.'....
#......# #.+......# ###....
#......# ###......# #####
###'#### #####'## #.## #..#
#..# #.## ###'#### ####'####
#.<....# ###.......# ####


You could see a six-headed hydra.

Vanquished Creatures
  2 two-headed ogres
  An unseen horror (D:11)
  An ugly thing (D:11)
  Maurice (D:11)
  Psyche (D:10)
  A gargoyle (D:10)
  4 trolls
  A harpy skeleton (D:11)
  A hornet (D:8)
  3 hippogriffs
  4 wraiths
  7 yaks
  A human (D:10)
  A shadow (D:11)
  4 hogs (D:10)
  3 hungry ghosts
  3 black bears
  5 orc warriors
  3 phantoms (D:10)
  4 sky beasts
  2 ice beasts
  4 necrophages
  5 ogres
  11 centaurs
  2 big kobolds
  2 crocodiles (D:10)
  5 bullfrogs
  An elf zombie (D:8)
  3 scorpions
  A troll zombie (D:10)
  A wyvern skeleton (D:6)
  10 killer bees
  7 wights
  A howler monkey (D:11)
  2 centaur zombies
  3 crimson imps
  A centaur skeleton (D:8)
  5 hounds
  A quasit (D:9)
  7 orc priests
  A jelly (D:7)
  3 orc wizards
  3 human zombies (D:8)
  A human skeleton (D:8)
  6 worker ants
  Natasha (twice) (D:4)
  3 killer bee zombies
  4 ogre zombies (D:10)
  A mummy (D:8)
  3 gnolls (D:6)
  10 adders
  4 shadow imps
  An adder zombie (D:8)
  An adder skeleton (D:5)
  A worm (D:2)
  4 dart slugs
  4 leopard geckos
  30 orcs
  7 bats
  7 giant cockroaches
  8 goblins
  8 hobgoblins
  15 jackals
  15 kobolds
  5 quokkas
  4 ball pythons
  2 frilled lizards (D:2)
  A goblin zombie (D:10)
  2 hobgoblin skeletons (D:10)
  A hobgoblin zombie (D:10)
  A leopard gecko skeleton (D:7)
  A leopard gecko zombie (D:9)
  3 orc skeletons
  13 orc zombies (D:10)
  A quokka skeleton (D:4)
  A quokka zombie (D:9)
  11 rats
313 creatures vanquished.

Notes
Turn   | Place    | Note
-------+----------+-------------------------------------------
     0 | D:1      | Manul the Octopode Assassin began the quest for the Orb.
     0 | D:1      | Reached XP level 1. HP: 14/14 MP: 1/1
   108 | D:1      | Reached XP level 2. HP: 15/19 MP: 2/2
   242 | D:1      | Reached skill level 6 in Stealth
  1099 | D:1      | Reached XP level 3. HP: 24/24 MP: 3/3
  1469 | D:2      | Reached skill level 7 in Stealth
  1761 | D:2      | Reached XP level 4. HP: 29/29 MP: 4/4
  2346 | D:2      | Found a blossoming altar of Fedhas.
  2546 | D:3      | Reached XP level 5. HP: 31/35 MP: 5/5
  2984 | D:4      | Got a fine ivory ring
  2995 | D:4      | Found a sparkling altar of Nemelex Xobeh.
  3026 | D:4      | Reached skill level 8 in Stealth
  3063 | D:4      | Found a bloodstained altar of Trog.
  3064 | D:4      | Noticed Natasha
  3070 | D:4      | Killed Natasha
  3078 | D:4      | Reached XP level 6. HP: 22/41 MP: 6/6
  3250 | D:4      | Noticed Natasha
  3408 | D:4      | Killed Natasha
  3461 | D:4      | Noticed Natasha
  3517 | D:5      | Entered Level 5 of the Dungeon
  3562 | D:5      | Identified the ring "Wupal" {rC+ Stlth+} (You found it on level 4 of the Dungeon)
  3873 | D:5      | Noticed a sky beast
  3878 | D:5      | Killed a sky beast
  3928 | D:5      | Reached XP level 7. HP: 41/45 MP: 7/7
  4083 | D:5      | Found an ornate altar of the Wu Jian Council.
  4480 | D:6      | Found Konaesmu's Jewellery Shop.
  4532 | D:6      | Reached skill level 9 in Stealth
  4934 | D:6      | Reached skill level 5 in Short Blades
  5213 | D:6      | Reached skill level 10 in Stealth
  5213 | D:6      | Reached XP level 8. HP: 52/52 MP: 8/8
  5243 | D:6      | Reached skill level 1 in Shields
  5249 | D:6      | Found Zen Ren's Antique Armour Shop.
  5282 | D:6      | Reached skill level 1 in Evocations
  5785 | D:6      | Found Bokeliall's Magic Scroll Boutique.
  6000 | D:6      | Found Zorghocw's Jewellery Emporium.
  6192 | D:7      | Found Wiskouro's Magic Scroll Boutique.
  6204 | D:7      | Reached skill level 11 in Stealth
  6255 | D:7      | Found Qutorof's General Store.
  6858 | D:7      | Noticed stburah's ghost (novice FoFi)
  6881 | D:7      | Found Wyariek's General Store.
  7019 | D:7      | Found Vianwi's Jewellery Boutique.
  7019 | D:7      | Found a staircase to the Ecumenical Temple.
  7122 | D:8      | Reached XP level 9. HP: 47/58 MP: 10/10
  7128 | D:8      | Reached skill level 12 in Stealth
  7400 | D:8      | Found a glowing golden altar of the Shining One.
  7803 | D:8      | Found a shattered altar of Ashenzari.
  7979 | Temple   | Entered the Ecumenical Temple
  8040 | Temple   | Became a worshipper of Gozag Ym Sagoz the Greedy
  8349 | D:8      | Noticed a hornet
  8352 | D:8      | Killed a hornet
  8413 | D:8      | Noticed a two-headed ogre
  8426 | D:8      | Killed a two-headed ogre
  8426 | D:8      | Reached skill level 13 in Stealth
  8426 | D:8      | Reached XP level 10. HP: 24/65 MP: 11/11
  9287 | D:8      | Reached skill level 5 in Fighting
  9292 | D:8      | Found a basalt altar of Yredelemnul.
  9301 | D:8      | Reached skill level 5 in Shields
  9840 | D:9      | Found a white marble altar of Elyvilon.
  9840 | D:9      | Noticed a two-headed ogre
  9847 | D:9      | Killed a two-headed ogre
  9847 | D:9      | Reached skill level 5 in Dodging
  9847 | D:9      | Reached skill level 14 in Stealth
 10493 | D:9      | Reached XP level 11. HP: 71/71 MP: 12/12
 10498 | D:9      | Found a hide-covered altar of Uskayaw.
 10766 | D:10     | Entered Level 10 of the Dungeon
 10766 | D:10     | Noticed Psyche
 10771 | D:10     | Killed Psyche
 10886 | D:10     | Found a staircase to the Lair.
 10921 | D:10     | Reached skill level 15 in Stealth
 11139 | D:10     | Reached skill level 1 in Maces & Flails
 11708 | D:10     | Noticed Execuda's ghost (journeyman MiMo)
 12308 | D:6      | Bought a +6 ring of protection for 1170 gold pieces
 12545 | D:10     | Found a staircase to the Orcish Mines.
 13025 | D:11     | Found a shadowy altar of Dithmenos.
 13473 | D:11     | Noticed Maurice
 13482 | D:11     | Killed Maurice
 13523 | D:11     | Found a stormy altar of Qazlal.
 13679 | D:11     | Reached XP level 12. HP: 80/80 MP: 13/13
 14091 | D:11     | Noticed a six-headed hydra
 14099 | D:11     | Slain by a six-headed hydra

Vault maps used:
D:1:      mushboom_english_gardens
D:2:      fedhas_altar_4, minmay_misc_feat_plants
D:4:      nicolae_overflow_crystal_walls, nemelex_altar_shiori, first_ration,
          uniq_natasha
D:5:      kennysheep_mini, portal_sewer_entry_b
D:6:      serial_shops, shop, nicolae_shop_waterfront, shop,
          nicolae_shop_behind_doors, kennysheep_decorative_pillar
D:7:      minmay_temple_entry_from_below_a, serial_glass, glass_columns_b,
          glass_columns_a, glass_columns_a, glass_columns_c, serial_shops,
          nicolae_shop_stone, shop, shop, shop, nicolae_shop_behind_doors
D:8:      ashenzari_conservatory_becter, tso_altar,
          lemuel_mausoleum_altar_yredelemnul
D:9:      old_standard_altar, eat_drink_and_be_merry_uskayaw, serial_undead,
          serial_undead_e, serial_undead_e, serial_undead_b, serial_undead_a
D:10:     david_lair_generic, zombieorc1_lemuel, grunt_livestock, uniq_psyche
D:11:     basic_altar, grunt_qazlal_sundering, uniq_maurice
Temple:   dshaligram_water_room_temple

Skill      XL: |  1  2  3  4  5  6  7  8  9 10 11 12 |
---------------+-------------------------------------+-----
Stealth        | 6 7 8 10 11 13 14 15 | 15.6
Short Blades   | 3 4 5 6 7 8 |  8.7
Dodging        | 2 3 4 5 7 |  7.6
Fighting       | 3 4 5 6 7 |  7.5
Shields        | 2 4 6 7 |  7.3
Evocations     | 1 2 |  2.6
Maces & Flails | 3 |  3.1
Throwing       | |  2.2

Action                   |  1- 3 |  4- 6 |  7- 9 | 10-12 || total
-------------------------+-------+-------+-------+-------++-------
Melee: Dagger            |    63 |    82 |   166 |   362 ||   673
       Constrict         |    12 |    16 |    22 |    97 ||   147
       Tentacles         |     3 |     5 |    29 |   167 ||   204
       Demon whip        |       |       |       |   396 ||   396
       Rapier            |       |       |       |    27 ||    27
Throw: Javelin           |       |       |     3 |       ||     3
Invok: Potion Petition   |       |       |       |     1 ||     1
Evoke: Wand              |       |       |    13 |       ||    13
  Use: Scroll            |     5 |     4 |     2 |     5 ||    16
       Potion            |       |     2 |     1 |     2 ||     5
 Stab: Sleeping          |    17 |    12 |    20 |    35 ||    84
       Paralysed         |       |       |     4 |       ||     4
       Distracted        |       |       |       |    10 ||    10
  Eat: Chunk             |     2 |     7 |     9 |       ||    18
       Ration            |       |       |     2 |     7 ||     9
Armor: Skin              |     4 |    15 |    21 |    86 ||   126
Dodge: Dodged            |    30 |    36 |    64 |   401 ||   531
Block: Buckler           |       |     6 |    29 |   165 ||   200

Table legend:
 A = Spawn XP
 B = Non-spawn XP
 C = Spawn XP percentage of total XP
 D = Spawn monster count
 E = Non-spawn monster count
 F = Spawn count percentage of total count
 G = Total turns spent on level
                    A         B        C        D         E        F      G
               +---------+---------+-------+---------+---------+-------+---------
         Total |       0 |   20405 |   0.0 |       0 |     313 |   0.0 | 14099
               +---------+---------+-------+---------+---------+-------+---------
           D:1 |       0 |      34 |   0.0 |       0 |      18 |   0.0 |  1183
           D:2 |       0 |      85 |   0.0 |       0 |      26 |   0.0 |  1244
           D:3 |       0 |      68 |   0.0 |       0 |       9 |   0.0 |   533
           D:4 |       0 |     253 |   0.0 |       0 |      12 |   0.0 |   557
           D:5 |       0 |     193 |   0.0 |       0 |      11 |   0.0 |   943
           D:6 |       0 |    1046 |   0.0 |       0 |      17 |   0.0 |  1790
           D:7 |       0 |     617 |   0.0 |       0 |      19 |   0.0 |  1052
           D:8 |       0 |    4207 |   0.0 |       0 |      42 |   0.0 |  2608
           D:9 |       0 |    2791 |   0.0 |       0 |      25 |   0.0 |  1010
          D:10 |       0 |    5574 |   0.0 |       0 |      75 |   0.0 |  1990
          D:11 |       0 |    5537 |   0.0 |       0 |      59 |   0.0 |  1111
               +---------+---------+-------+---------+---------+-------+---------
